 Dungeon Crawl Stone Soup version 0.23.0 (webtiles) character file.

Game seed: 17400679253360672931

226 LostNumber the Caller (level 5, 0/42 HPs)
             Began as a Draconian Summoner on Feb 17, 2019.
             Slain by Pikel
             ... wielding a +2 whip of flaming
              (1 damage)
             ... on level 3 of the Dungeon.
             The game lasted 00:05:08 (2828 turns).

LostNumber the Caller (Draconian Summoner)          Turns: 2828, Time: 00:05:08

Health: 0/42       AC:  7    Str: 11    XL:     5   Next: 69%
Magic:  3/9        EV: 12    Int: 19    God:
Gold:   113        SH:  0    Dex: 11    Spells: 3/9 levels left

rFire    . . .     SeeInvis .   f - +0 spear
rCold    . . .     Gourm    .   (no shield)
rNeg     . . .     Faith    .   (armour unavailable)
rPois    .         Spirit   .   (helmet restricted)
rElec    .         Reflect  .   a - +0 cloak
rCorr    .         Harm     .   p - +0 pair of gloves
MR       .....                  (no boots)
Stlth    ++........             (no amulet)
HPRegen  0.14/turn              b - +3 ring of intelligence
MPRegen  0.11/turn              (no ring)

@: no status effects
A: unfitting armour, cold-blooded, AC +5
a: no special abilities


You were on level 3 of the Dungeon.
You were hungry.

You visited 1 branch of the dungeon, and saw 4 of its levels.

You collected 113 gold pieces.

Inventory:

Hand Weapons
 f - a +0 spear (weapon)
   (You found it on level 1 of the Dungeon)
Armour
 a - a +0 cloak (worn)
   (You found it on level 3 of the Dungeon)
 p - a +0 pair of gloves (worn)
   (You found it on level 3 of the Dungeon)
Jewellery
 b - a +3 ring of intelligence (left hand)
   (You found it on level 1 of the Dungeon)
 i - an uncursed amulet of harm {unknown}
   (You found it on level 2 of the Dungeon)
Wands
 s - a wand of polymorph (6)
   (You took it off a goblin on level 3 of the Dungeon)
 u - a wand of paralysis (5)
   (You took it off Ijyb on level 2 of the Dungeon)
Scrolls
 h - 2 scrolls of remove curse {unknown}
 j - 2 scrolls of amnesia {unknown}
 l - a scroll of identify {unknown}
 m - a scroll of teleportation {unknown}
 n - a scroll of magic mapping {unknown}
 r - a scroll of blinking {unknown}
Potions
 c - 2 potions of curing {unknown}
 d - 2 potions of brilliance {unknown}
 g - a potion of flight {unknown}
 k - 2 potions of agility {unknown}
 o - a potion of heal wounds {unknown}
Comestibles
 e - 7 rations {!d}
 q - 5 chunks of flesh


   Skills:
 + Level 2.3 Fighting
 + Level 1.7 Polearms
 + Level 2.7 Dodging
 - Level 1.7 Stealth
 + Level 2.9 Spellcasting
 * Level 5.2 Summonings


You had 3 spell levels left.
You knew the following spells:

 Your Spells              Type           Power        Failure   Level  Hunger
a - Summon Small Mammal   Summ           ###.         1%          1    None
c - Call Canine Familiar  Summ           ###.....     5%          3    ###....
x - Call Imp              Summ           ###.....     2%          2    ##.....

Your spell library contained the following spells:

 Spells                   Type           Power        Failure   Level  Hunger
 Summon Guardian Golem    Hex/Summ       ##......     16%         3    ###....
 Summon Ice Beast         Ice/Summ       ##......     45%         4    ####...
 Summon Lightning Spire   Summ/Air       ##......     45%         4    ####...


Dungeon Overview and Level Annotations

Branches:
Dungeon (4/15)
 Temple: D:4-7

Altars:
Qazlal
Uskayaw

Annotations:
D:2 1 runed translucent door, Crazy Yiuf
D:3 Pikel


Innate Abilities, Weirdness & Mutations

Your plain brown scales are hard. (AC +5)
You cannot fit into any form of body armour.
You are cold-blooded and may be slowed by cold attacks.


Message History

A beastly little devil appears in a puff of frigid air.
Your hound closely misses the slave.
The slave hits you. Pikel closely misses you.
Nothing appears to happen.
Your hound bites the slave.
The slave hits you but does no damage.
Your hound bites the slave.
Your white imp closely misses Pikel.
Pikel barely misses you.
Unknown command.
You hit the slave but do no damage.
Your hound bites the slave.
The slave misses you.
Your white imp barely misses Pikel.
Pikel hits you but does no damage.
You barely miss the slave.
Your hound closely misses the slave.
The slave hits you.
Your hound bites the slave but does no damage.
Your white imp barely misses Pikel.
Pikel misses you.
Unknown command.
You closely miss the slave.
Your hound bites the slave.
The slave hits you.
Your white imp barely misses Pikel.
Pikel hits you but does no damage.
You hit the slave.
Your hound barely misses the slave.
The slave closely misses you.
Your hound bites the slave.
Your white imp misses Pikel.
Pikel hits you but does no damage.
You are feeling hungry.
You barely miss the slave.
Your tail-slap misses the slave.
Your hound barely misses the slave.
The slave hits you but does no damage.
Pikel hits you with a +2 whip of flaming.
Pikel burns you.
Your white imp closely misses Pikel.
Unknown command.
You barely miss the slave.
Your tail-slap misses the slave.
Your hound misses the slave. The slave closely misses you.
Your hound bites the slave but does no damage.
Your white imp misses Pikel.
Pikel hits you with a +2 whip of flaming.
* * * LOW HITPOINT WARNING * * *
Pikel burns you.
* * * LOW HITPOINT WARNING * * *
You closely miss the slave.
Your hound completely misses the slave.
The slave hits you.
* * * LOW HITPOINT WARNING * * *
Your white imp hits Pikel.
Your white imp freezes Pikel.
Pikel hits your white imp with a +2 whip of flaming.
Pikel burns your white imp.
You hit the slave.
Your tail-slap misses the slave.
Your hound barely misses the slave.
The slave hits you.
* * * LOW HITPOINT WARNING * * *
Your hound barely misses the slave.
Your white imp gestures at Pikel.
The puff of frost hits Pikel!
Pikel hits you with a +2 whip of flaming.
* * * LOW HITPOINT WARNING * * *
Pikel burns you.
You die...

.............#..(..#
####.####
....##.#...........#
#.......#
....#.....#.##.....#
#.##.##.#
..#.........##...(.#
#.##.##.#
.####.....##########
#.##.##.# .####...#.#
#.##.##.# ........#.#
#.......# #####.....########
####.#### ###.###...hp@# #)#
### #.###.####K# #.#
##.####.......##5#########.#
#....[.####.#..............#
##.###.####.####.###########
##<##.......####.#
...##..###.......#
#####..###.####### #
#...##.#


You could see Pikel, a slave, a friendly hound and a friendly white imp.

Vanquished Creatures
  6 adders
  A worm (D:2)
  2 dart slugs (D:1)
  An orc (D:3)
  4 ball pythons
  5 giant cockroaches
  10 goblins
  A hobgoblin (D:3)
  A bat (D:1)
  4 frilled lizards
  3 kobolds (D:3)
  11 rats
49 creatures vanquished.

Vanquished Creatures (collateral kills)
  An ogre (D:3)
  Jessica (D:3)
  Ijyb (D:2)
  Natasha (D:2)
  2 adders
  2 worms (D:2)
  A dart slug (D:1)
  2 giant cockroaches
  A goblin (D:2)
  2 hobgoblins
  A ball python (D:2)
  2 bats
  2 frilled lizards
  3 kobolds (D:2)
  2 rats
24 creatures vanquished.

Grand Total: 73 creatures vanquished

Notes
Turn   | Place    | Note
-------+----------+-------------------------------------------
     0 | D:1      | LostNumber the Draconian Summoner began the quest for the
                  | Orb.
     0 | D:1      | Reached XP level 1. HP: 14/14 MP: 3/3
   397 | D:1      | Reached XP level 2. HP: 21/22 MP: 5/5
   401 | D:1      | Learned a level 2 spell: Call Imp
  1060 | D:2      | Reached skill level 1 in Fighting
  1083 | D:2      | Reached XP level 3. HP: 12/28 MP: 1/6
  1285 | D:2      | Learned a level 3 spell: Call Canine Familiar
  1299 | D:2      | Found a hide-covered altar of Uskayaw.
  1549 | D:2      | Noticed Natasha
  1551 | D:2      | Reached XP level 4. HP: 35/35 MP: 3/7
  1555 | D:2      | Killed Natasha
  1555 | D:2      | Reached skill level 1 in Polearms
  1611 | D:2      | Found a runed translucent door.
  1612 | D:2      | Noticed Crazy Yiuf
  1692 | D:2      | Found a stormy altar of Qazlal.
  1779 | D:3      | Noticed Ijyb
  1790 | D:2      | Paralysed by Ijyb for 5 turns
  1793 | D:2      | Killed Ijyb
  1947 | D:3      | Noticed Jessica
  1953 | D:3      | Killed Jessica
  2105 | D:3      | Reached XP level 5. HP: 41/41 MP: 4/8
  2204 | D:3      | Reached skill level 5 in Summonings
  2380 | D:3      | Noticed an ogre
  2388 | D:3      | Killed an ogre
  2814 | D:4      | Noticed Pikel
  2814 | D:4      | Noticed a slave
  2814 | D:4      | Noticed a slave
  2814 | D:4      | Noticed a slave
  2814 | D:4      | Noticed a slave
  2828 | D:3      | HP: 1/42 [Pikel/+2 whip of flaming (3)]
  2828 | D:3      | Slain by Pikel

Skill      XL: |  1  2  3  4  5 |
---------------+----------------+-----
Dodging        | 2 |  2.7
Fighting       | 1 2 |  2.3
Polearms       | 1 |  1.7
Summonings     | 5 |  5.2
Stealth        | |  1.7
Spellcasting   | |  2.9

Action                   |  1- 3 |  4- 6 || total
-------------------------+-------+-------++-------
Melee: Unarmed           |    25 |     2 ||    27
       Tailslap          |     6 |     9 ||    15
       Spear             |    91 |   106 ||   197
 Cast: Summon Small Mamm |     7 |       ||     7
       Call Imp          |    11 |     8 ||    19
       Call Canine Famil |     2 |     8 ||    10
 Stab: Sleeping          |     3 |     2 ||     5
  Eat: Chunk             |     3 |     5 ||     8
Armor: Skin              |    28 |    34 ||    62
Dodge: Dodged            |    42 |    56 ||    98
